 Dungeon Crawl Stone Soup version 0.17.1-1-g73c8601 (webtiles) character file.

171 rakes the Skirmisher (level 5, -3/47 HPs)
             Began as a Minotaur Berserker on Dec 14, 2015.
             Was a Believer of Trog.
             Shot with an arrow of frost by a centaur (4 damage)
             ... on level 5 of the Dungeon.
             The game lasted 00:17:48 (2514 turns).

rakes the Skirmisher (Minotaur Berserker)           Turns: 2514, Time: 00:17:48

Health: -3/47      AC:  8    Str: 22    XL:     5   Next: 26%
Magic:  4/4        EV:  9    Int:  4    God:    Trog [**....]
Gold:   41         SH:  0    Dex: 10    Spells: 0 memorised, 4 levels left

rFire  . . .     SeeInvis +     z - -3 hand axe (curse)
rCold  . . .     Clarity  +     w - +0 chain mail
rNeg   . . .     SustAt   .     (no shield)
rPois  .         Gourm    .     (helmet restricted)
rElec  .         Spirit   .     (no cloak)
rCorr  .         Warding  .     (no gloves)
rMut   .         Stasis   .     (no boots)
MR     .....                    A - amulet of clarity
Stlth  ..........               (no ring)
                                B - ring of see invisible

@: not resistant to hostile enchantments, extremely unstealthy
A: retaliatory headbutt, horns 2
a: Berserk, Trog's Hand, Burn Spellbooks, Renounce Religion


You were on level 5 of the Dungeon.
You worshipped Trog.
Trog was pleased with you.
You were hungry.

You visited 1 branch of the dungeon, and saw 5 of its levels.

You collected 41 gold pieces.

Inventory:

Hand Weapons
 a - a +0 mace
 d - a +0 short sword
 e - a +0 club
 g - a +0 whip
 h - a +0 dagger
 i - a +0 whip
 j - a cursed -1 mace
 l - a +0 club
 m - a cursed -3 short sword
 n - a +0 short sword
 q - a +0 club
 r - a cursed -3 whip
 u - a +0 hand axe
 y - a +0 club
 z - a cursed -3 hand axe (weapon)
Missiles
 k - 52 stones (quivered)
 o - 36 arrows
Armour
 b - a +0 animal skin
 v - a +0 robe
 w - a +0 chain mail (worn)
 C - a +0 robe
Jewellery
 A - an amulet of clarity (around neck)
 B - a ring of see invisible (left hand)
Scrolls
 t - a scroll of immolation
Potions
 p - a potion of brilliance {unknown}
 s - a potion of heal wounds {unknown}
 x - a potion of lignification {unknown}
Comestibles
 c - 3 bread rations
 f - 2 meat rations
 D - a beef jerky


   Skills:
 + Level 4.9 Fighting
 + Level 0.8(3.0) Axes
 + Level 4.7(4.8) Maces & Flails
 + Level 2.6 Armour
 + Level 3.8 Dodging
 + Level 1.0 Stealth


You had 4 spell levels left.
You didn't know any spells.

Dungeon Overview and Level Annotations

Branches:
Dungeon (5/15)
 Temple: D:4-7

Altars:


Innate Abilities, Weirdness & Mutations

You reflexively headbutt those who attack you in melee.
You have a pair of horns on your head.


Message History

You climb downwards.
Found 12 gold pieces.
Found a stone staircase leading up.
There is a stone staircase leading up here.
A centaur comes into view.
The centaur shouts!
The centaur wields a shortbow.
The centaur shoots an arrow of frost.
The arrow of frost hits you. The arrow of frost freezes you.
You see here an arrow of frost.
Found 7 gold pieces.
The centaur shoots an arrow of frost.
The arrow of frost hits you! The arrow of frost freezes you.
You see here an arrow of frost.
The centaur shoots an arrow of frost.
The arrow of frost hits you! The arrow of frost freezes you.
* * * LOW HITPOINT WARNING * * *
You see here an arrow of frost.
The centaur shoots an arrow of frost.
The arrow of frost hits you!
* * * LOW HITPOINT WARNING * * *
The arrow of frost freezes you.
You die...

#........
###.....c.
#........#
#........#
#........#
###........#
#........(<####..
#.......(.......#
#...$..@(.......#
#...######......#
#.. #.......#
#..<.....
#........
#........ $......


You could see a centaur.

Vanquished Creatures
  An orc priest (D:4)
  2 hounds (D:4)
  An orc wizard (D:4)
  An adder (D:1)
  2 worms
  3 giant geckos
  2 orcs (D:4)
  4 giant cockroaches
  10 goblins
  5 hobgoblins
  6 kobolds
  3 bats (D:1)
  3 rats (D:1)
43 creatures vanquished.

Notes
Turn   | Place    | Note
--------------------------------------------------------------
     0 | D:1      | rakes the Minotaur Berserker began the quest for the Orb.
     0 | D:1      | Reached XP level 1. HP: 19/19 MP: 0/0
   414 | D:1      | Reached skill level 4 in Maces & Flails
   440 | D:1      | Reached XP level 2. HP: 14/27 MP: 1/1
  1007 | D:1      | Reached ** piety under Trog
  1195 | D:1      | Reached XP level 3. HP: 31/33 MP: 2/2
  1957 | D:4      | Reached XP level 4. HP: 12/41 MP: 3/3
  2003 | D:4      | Reached XP level 5. HP: 4/47 MP: 4/4
  2357 | D:4      | Reached skill level 1 in Stealth
  2509 | D:5      | Entered Level 5 of the Dungeon
  2510 | D:5      | Noticed a centaur
  2514 | D:5      | HP: 1/47 [centaur/arrow of frost (9)]
  2514 | D:5      | Shot with an arrow of frost by a centaur

Action                   |  1- 3 |  4- 6 || total
-------------------------+-------+-------++-------
Melee: Mace              |    48 |       ||    48
       Hand axe          |    39 |    22 ||    61
Throw: Stone             |    17 |       ||    17
  Use: Scroll            |     1 |       ||     1
       Potion            |       |     3 ||     3
  Eat: Bread ration      |     1 |       ||     1
